[Event "44th Chess Olympiad Women 2022"]
[Site "Chennai"]
[Date "2022.08.05"]
[Round "7.11"]
[White "Narva, Triin"]
[Black "Mrvova, Alena"]
[Result "1/2-1/2"]
[WhiteElo "2066"]
[BlackElo "2165"]
[Annotator "TA"]
[PlyCount "135"]
[EventDate "2022.??.??"]
[TimeControl "60"]

1. e4 c5 2. Nc3 Nc6 3. Bb5 g6 4. f4 Bg7 5. Nf3 Nh6 6. a4 {[%emt 0:13:53] B23: Closed Sicilian: Lines without g3.}
(6. Bxc6 $5 bxc6 7. d3 $11) 6... O-O 7. d3 Nd4 8. Bc4 e6 9. O-O f5 10. h3 Kh8 11. Be3 d6 {[%emt 0:03:37] [#]} 12. Rb1 $146 ({Predecessor:} 12. Qd2 Nf7 13. Rae1 Nxf3+ 14. Rxf3 Qb6 15. Bf2 Nd8 16. exf5
gxf5 17. Rg3 Bf6 18. d4 cxd4 {0-1 (33) Krupa,M (2220)-Dworakowska,J (2395)
Warsaw 2004}) 12... a6 13. Ng5 Rb8 14. b4 Nc6 15. b5 Ne7 (15... axb5 $14 16. Nxb5 (16. axb5 Nd4 $11
) 16... Qe7) 16. Qe1 $16 {[%emt 0:05:29] White is much more active.} d5 17. exd5 exd5 18. Bxc5 dxc4 19. Qxe7 (
19. Bxe7 $6 Qd4+ 20. Rf2 Re8 $16) 19... cxd3 {[%emt 0:09:34] [#]} 20. cxd3 b6 {[%emt 0:09:02] [#]} 21. bxa6 $1 Bxa6 22. Qxd8 $1 {[%emt 0:00:39] Chess con chili.} (22. Ne6
Qxe7 23. Bxe7 Rfe8 $11) 22... Rfxd8 23. Rxb6 Bxd3 24. Rd1 Rbc8 $2 (24...
Bc4 {keeps fighting.}) 25. Ne6 Rxc5 26. Nxd8
$2 (26. Nb5 $18 {and White stays clearly on top.} Rcc8 27.
Nxd8 Rxd8 28. a5) 26... Rxc3 (26... Bd4+ $2 27. Kh2 Rxc3 28.
Rd6 $18) 27. Rb8 (27. Kh1 $16) 27... Bd4+ $11 28. Kh1 Ng8 (28... Ba7 $11 29. Rb7 (29. Ra8
Bf2 $11) 29... Bf2) 29. Ne6 (29. Rb7 $1 $16 Be4 30. Rxd4 Bxb7
31. Nxb7) 29... Bf6 30. Rf8 Bc4 31. Ng5 h6 32. Nf3 Bb3
{[%emt 0:02:06][%csl Ya4,Yd1] A strong pair of Bishops.} 33. Rd7 Bxa4 34. Ra7 {[%emt 0:00:34] aiming for Rff7.} Bb3 {
[%emt 0:01:13] Against Rff7} 35. Ra6 $2 {[%emt 0:00:36] [#]} (35. Ne5 $11 Bxe5
36. fxe5) 35... Kg7 $1 $19 36. Re8 Bf7 $2 (36... Rc7 $19 {Hoping for ...Bc4.} 37. Rea8 Ne7) 37. Rb8 $2 (37. Ra7 $11 {and White has nothing to worry.} Ne7 38. Rexe7
Bxe7 39. Rxe7) 37... Rc7 38. Rbb6 g5 39. fxg5 hxg5 40. Ra5 $2 (40. Rc6 Re7 41. Ra5) 40... Rc1+ 41. Kh2 g4 (41... Bd8 $142 42. Rbb5 Bc7+ 43. Ne5 Ne7)
42. hxg4 fxg4 (42... Bd8 $19 {is more deadly.
} 43. Rba6 Bc7+ 44. g3 Bxa5 45. Rxa5 Nf6 46. Rxf5 Nxg4+ 47. Kh3 Ne3) 43. Ne5
$17 Bd8 44. Rb7 Bc7 ({But not} 44... Bxa5 $6 45. Rxf7+ Kh6 46. Nxg4+ Kg6 47. Ne5+
Kg5 48. Rg7+ Kf5 49. Rxg8 $15) 45. g3 (45. Rxc7 $17 Rxc7 46.
Nxg4) 45... Rc2+ ({Weaker is} 45... Bxa5 46. Rxf7+ Kh6 47.
Nxg4+ Kg5 48. Rg7+ Kf5 49. Rxg8 $11) 46. Kg1 {[%emt 0:00:00] [#]} Nh6 ({And not} 46... Bxa5 47. Rxf7+ Kh6 48. Nxg4+ Kg6 49. Ne5+ Kg5 50. Rg7+
Kf5 51. Rxg8 $15) ({Better is} 46... Nf6 $1 47. Rba7 Kf8 48. Ra8+ Ke7) 47. Rxc7 Rxc7 48. Nxg4 Rc1+ 49. Kg2 Rc2+ 50. Nf2 Kf6 51. Ra6+ Be6 {[%emt 0:00:09] ...Ng4 is
the strong threat.} 52. Kf3 {[%emt 0:00:27] Prevents Ng4.} Nf5 53. g4 Nd4+ 54. Ke3 Nc6 55. Ra3 Bc4 56. Ne4+ Ke5 {[%emt 0:00:10] And now ...Re2+ would win.} 57. Nd2 Bb5 58. Rb3 Ba4 (58... Ba6 $17 59. Ra3 Nb4 60. Nf3+ Kd6) 59. Nf3+ (59.
Ra3 $1 $11) 59... Kf6 60. Rd3 Rg2 61. Kf4 Ne7 62. Rd6+ Kg7 63. Nh4 Rf2+ 64. Kg5 Kf7 65. Rd4 Bc2 66. Rf4+ {[%emt 0:00:34] The position is equal.} Rxf4 67.
Kxf4 Ng6+ 68. Nxg6 {[%emt 0:00:05] Never
resign too early! Weighted Error Value: White=0.33/Black=0.31} 1/2-1/2

[Event "44th Chess Olympiad Women 2022"]
[Site "Chennai"]
[Date "2022.08.05"]
[Round "7.11"]
[White "Olde, Margareth"]
[Black "Hagarova, Zuzana"]
[Result "0-1"]
[WhiteElo "2235"]
[BlackElo "2293"]
[Annotator "RC"]
[PlyCount "80"]
[EventDate "2022.??.??"]
[TimeControl "60"]

1. d4 Nf6 2. c4 g6 3. Nc3 Bg7 4. e4 d6 5. Be2 O-O 6. Be3 c5 7. d5 e6 8. Nf3 exd5 9. cxd5 Bg4 10. Nd2 Bxe2 11. Qxe2 Re8 12. O-O Nbd7 13. Bg5 a6 14. a4 Rc8 15. Kh1 Qc7 16. Nc4 Ne5 17. Nxe5 Rxe5 18. f4 Ree8 19. e5 dxe5 20. fxe5 Rxe5 21. Bf4 Rxe2 22. Bxc7 Rxb2 23. d6 Nd7 24. Nd5 Re8 25. Ne7+ Kf8 26. Rab1 c4 27. Rxb2 Bxb2 28. Rf2 Bf6 29. a5 c3 30. g3 Bd4 31. Rc2 f6 32. Kg2 Kf7 33. Kf3 f5 34. Ke2 Be5 35.
Nd5 Bxd6+ 36. Kd1 Re5 37. Nxc3 Bxc7 38. Rb2 Bxa5 39. Rxb7 Bxc3 40. Rxd7+ Re7 0-1

[Event "44th Chess Olympiad Women 2022"]
[Site "Chennai"]
[Date "2022.08.05"]
[Round "7.11"]
[White "Sucikova, Svetlana"]
[Black "Sinitsina, Anastassia"]
[Result "0-1"]
[WhiteElo "2188"]
[BlackElo "2175"]
[Annotator "NA RC"]
[PlyCount "100"]
[EventDate "2022.??.??"]
[TimeControl "60"]

1. Nf3 Nf6 2. g3 g6 3. Bg2 Bg7 4. O-O O-O 5. c4 d5 6. cxd5 Nxd5 7. d4 Nb6 8. b3 c5 9. Bb2 Nc6 10. Na3 a6 11. Nc2 Bf5 12. e3 Rc8 13.
Rc1 Be4 14. Ba3 c4 15. Nb4 Nxb4 16. Bxb4 Nd5 17. Qd2 cxb3 18. Rxc8 Qxc8 19. axb3 Qc7 20. Bc5 Rc8 21. Rc1 b6 22. Ba3 Qb7 23. Rxc8+ Qxc8 24. Ne1 Bxg2 25. Nxg2 e6 26. Bb2 Qc6 27. e4 Nc7 28. f3 f5 29. exf5 exf5 30. Kf2 Nd5 31. Qe2 b5 32. Ne1 Nb4 33. Nd3 Nxd3+ 34. Qxd3 Qd5 35. Qc3 h5 36. Ke2 Kh7 37. b4 Qa2 38. Qd2 Qc4+ 39. Kf2 Bh6 40. Qc3 Qxc3 41. Bxc3 Bg7 42. Ke3 Kg8 43. Kd3 Kf7 44. f4 Bf8 45. Bd2 Ke6 46. h4 Kd5 47. Be1 Bg7 48. Bc3 Bf6 49. Bb2 Bd8 50. Bc1 a5 0-1

[Event "44th Chess Olympiad Women 2022"]
[Site "Chennai"]
[Date "2022.08.05"]
[Round "7.12"]
[White "Berke, Ana"]
[Black "Milliet, Sophie"]
[Result "*"]
[WhiteElo "2163"]
[BlackElo "2396"]
[Annotator "TA"]
[PlyCount "59"]
[EventDate "2022.??.??"]
[TimeControl "60"]

1. e4 c5 2. Nf3 e6 3. c4 Nc6 4. d4 cxd4 5. Nxd4 Nf6 6. Nc3 Bb4 7. Nxc6 bxc6 8. Bd3 e5 9. O-O O-O 10. Rb1 {[%emt 0:02:24] Recently 10.h3 got a lot of attention. B44: Sicilian:
Taimanov: 5 Nb5.} Bxc3 11. bxc3 d6 12. Qa4 {[%emt 0:04:03] [#] The position is equal.}
Qc7 $146 ({Predecessor:} 12... c5 13. Bg5 h6 14. Bh4 Be6 15.
Rfd1 h5 16. Be2 Rb8 17. Bxh5 Rxb1 18. Rxb1 Qa8 {1-0 (25) Stadler,P (1867)
-Mostowik,P (2114) LSS email 2017}) 13. Rd1 Be6 14. c5 d5 15. Bg5 {[%emt 0:
07:49] Threatens to win with Bxf6.} Nd7 (15... Nxe4 $11 16.
Bxe4 dxe4) 16. Be7 $1 $14 {[%emt 0:03:58] Black must now prevent Bd6.} Nb6 $1 17. cxb6 axb6 18. Qb4 c5 {[%emt 0:00:04] [#]} 19. Qxb6 Qxe7 20. exd5 Bxd5 {[%emt 0:00:06] [#]} 21. Bxh7+ Kxh7 22. Rxd5 Rfb8 23. Qxb8 {[%emt 0:07:30] White is much more active.} Rxb8 24. Rxb8 $16 {[%emt 0:00:05] Endgame KQ-KRR} e4 25. Rh5+ Kg6 26. Rh3 Qa7 27. Rg3+ Kh7 28. Rh3+ Kg6 29. Rg3+ Kh7 30. Rh3+ {[%emt 0:06:08] Weighted Error
Value: White=0.16 (very precise) /Black=0.11 (very precise)} *

[Event "44th Chess Olympiad Women 2022"]
[Site "Chennai"]
[Date "2022.08.05"]
[Round "7.12"]
[White "Guichard, Pauline"]
[Black "Medic, Mirjana"]
[Result "1-0"]
[WhiteElo "2379"]
[BlackElo "2194"]
[Annotator "TA"]
[PlyCount "91"]
[EventDate "2022.??.??"]
[TimeControl "60"]

1. d4 d5 2. c4 e6 3. Nc3 Nf6 4. Nf3 Be7 5. Bf4 O-O 6. e3 b6 7. Be2 Bb7 8. O-O c5 9. cxd5 {[%emt 0:03:42] D37: Queen's
Gambit Declined: 5 Bf4.} Nxd5 10. Nxd5 exd5 11. b3 {[%emt 0:01:22] The position is equal.} Nd7 12. Rc1 Rc8 {[%emt 0:00:00] [#]}
13. Qd3 $146 ({Predecessor:} 13. Bd3 g6 14. h3 Bf6 15. Qe2 Re8
16. Ba6 Bxa6 17. Qxa6 Qe7 18. Rfd1 Qe6 19. Qxa7 {½-½ (96) Kuybokarov,T (2501)
-Wang,S (2370) New Delhi 2019}) 13... Nf6 14. Rfd1 Ne4 15. Nd2 cxd4 {[%emt 0:07:48]
Threatens to win with ...Nc3.} 16. exd4 Nxd2 17. Qxd2 Qd7 18. h3 Rxc1 19. Rxc1 {[%emt 0:00:24] Hoping for Rc7.} Rc8 {[%emt 0:00:33]
Inhibits Rc7.} 20. Re1 {[%emt 0:00:41] And now Bg4 would win.} Re8 (20... Qd8 $14) 21. Bg4 $16 f5 22. Bh5 g6 23. Bf3 Bf6 24. Be5 Bg7 25. h4 Re6 26. h5 Qe7 27. Qf4 {[%emt 0:00:36] White is more active.} Bxe5 28. dxe5 (28. Rxe5 Rxe5 29. dxe5 (29. Qxe5 Qxe5 30. dxe5 Kf7 $11) 29...
Bc6 $14) 28... Qd8 29. Rd1 Qc7 $2 (29... Re8 $16) 30. Bxd5 $18 Bxd5 31. Rxd5 {[%emt 0:00:03] Endgame KQR-KQR} Kg7 $2 (31... Qf7 32. hxg6 hxg6) 32. g3 Qc6 33. h6+ Kf7 34. Qd4 {[%emt 0:00:59]
Rd7+ is the strong threat.} g5 {[%emt 0:01:35] [#]} 35. Rd7+ $1 Kg6 $2 (35... Ke8 36. Rxh7 Qc1+ 37. Kh2 Qc6) 36. Rd6 Qc8 37. Kh2 (37. Qd5 $142
Rxd6 38. Qxd6+ Kh5 39. e6) 37... Kh5 38. Qd1+ $2 (38. Qd5 $18 {and the rest is easy.} Rxd6 39. exd6) 38... g4 $16 {[%emt 0:
01:20] [#]} 39. Rxe6 (39. Qd4 $1 $16) 39... Qxe6 {[%emt 0:00:
03] KQ-KQ} 40. Qd6 Qxh6 (40... Qc8 $14) 41.
e6 $18 {[%emt 0:31:52] Intending Qd7 and mate.} Qf6 42. Qd7 f4 43. Qxh7+ Kg5 44. Qh4+ (44. e7 fxg3+ 45. fxg3 Qf2+ 46. Kh1 Qf3+ 47. Kh2
(47. Kg1 Qxg3+ 48. Kf1 Qf3+ 49. Ke1 Qe3+ 50. Kd1 Kf6 $11) 47... Qf2+ 48. Kh1
Qf3+ 49. Kh2 (49. Kg1 Qxg3+ 50. Kf1 Qf4+ 51. Ke2 Qe5+ 52. Kd3 Qd6+ 53. Kc2 Qc5+
54. Kd3 Qd6+ 55. Ke3 Qf4+ 56. Ke2 Qe5+ 57. Kd3 Qd6+ $11) 49... Qf2+ $11) 44...
Kf5 45. Qxf6+ ({And not} 45. e7 fxg3+ 46.
fxg3 (46. Kxg3 Qe5+ 47. Kg2 Qe4+ 48. Kh2 Qe5+ 49. Kh1 Qe4+ 50. Kg1 Qe1+ 51. Kh2
Qe5+ 52. Kh1 Qe4+ 53. f3 Qxf3+ 54. Kg1 Qd1+ 55. Kh2 Qe2+ 56. Kg1 Qd1+ 57. Kh2
Qe2+ 58. Kg1 Qd1+ $11) 46... Qb2+ 47. Kh1 Qa1+ 48. Kh2 Qb2+ 49. Kh1 Qa1+ 50.
Kh2 Qb2+ $11) 45... Kxf6 46. gxf4 {[%emt 0:00:00] Weighted
Error Value: White=0.32/Black=0.49} 1-0

[Event "44th Chess Olympiad Women 2022"]
[Site "Chennai"]
[Date "2022.08.05"]
[Round "7.12"]
[White "Ivekovic, Tihana"]
[Black "Navrotescu, Andreea"]
[Result "1-0"]
[WhiteElo "2082"]
[BlackElo "2373"]
[Annotator "ChessBase"]
[PlyCount "67"]
[EventDate "2022.??.??"]
[TimeControl "60"]

1. d4 d5 2. c4 c6 3. Nf3 Nf6 4. g3 Bf5 5. Nc3 dxc4 6. Bg2 e6 7. Ne5 Nbd7 8.
Nxc4 h6 9. O-O Be7 10. e4 Bg4 11. Qb3 Nb6 12. h3 Bh5 13. Be3 Nxc4 14. Qxc4 O-O 15. g4 Bg6 16. f4 b5 17. Qxc6 b4 18. f5 Rc8 19. Qa6 exf5 20.
gxf5 Bxf5 21. Rxf5 bxc3 22. Qe2 Nh7 23. d5 Bg5 24. bxc3 Rxc3 25. Bd4 Rc7 26. e5 Re8 27. Qb5 Nf8 28. Rd1 Qc8 29. Rdf1 Rb7 30.
Qd3 g6 31. R5f2 Nd7 32. Rxf7 Nxe5 33. Bxe5 Be3+ 34. Kh1 1-0

[Event "44th Chess Olympiad Women 2022"]
[Site "Chennai"]
[Date "2022.08.05"]
[Round "7.12"]
[White "Savina, Anastasia"]
[Black "Radikovic, Anamarija"]
[Result "1/2-1/2"]
[WhiteElo "2377"]
[BlackElo "2099"]
[Annotator "TA"]
[PlyCount "150"]
[EventDate "2022.??.??"]
[TimeControl "60"]

1. d4 Nf6 2. c4 g6 3. Nc3 Bg7 4. e4 d6 5. Be2 O-O 6. h4 c5 7. d5 e6 8. h5 exd5 {[%emt 0:00:26] E73: King's Indian: Averbakh Variation without 6...
c5.} 9. exd5 Re8 10. h6 Bh8 11. Bg5 Qb6 12. b3 {[%emt 0:
00:24] [#]} Ng4 $146 ({Predecessor:} 12... Ne4 13. Nxe4 Rxe4
14. Kf1 Na6 15. Bd3 Bg4 16. f3 Rd4 17. Qe2 Bd7 18. Re1 Nb4 19. Bxg6 Nxd5 20.
Bxh7+ Kxh7 {½-½ (33) Oparin,G (2674)-Nakamura,H (2750) Berlin 2022}) 13. Rc1 Bd4 14. Nh3 Qa5 15. Bd2 ({But not} 15. O-O Nxf2 16. Nxf2 Bxc3 $11) 15...
Qd8 16. Kf1 f5 17. Bg5 (17. Bf4 $14) 17... Bf6 (17... Nxf2 $1 $11 18.
Qe1 (18. Qc2 Qxg5 19. Nxg5 Nxh1 $11) 18... Ng4 19. Bxd8 Ne3+ 20. Kg1 Ng4+ 21.
Kf1 Ne3+ 22. Kg1 Ng4+ 23. Kf1) 18. Qd2 $14 Nd7 19. f3 (19. Bf4 $16) 19... Nge5 $11 20.
Bxf6 Nxf6 21. Nf4 {[%emt 0:06:10] Prevents
Nh5.} a6 22. Re1 Bd7 23. a4 Re7 24. Bd1 Qf8 25. Kf2 Rae8 26. a5 Nf7
{[%emt 0:04:16] White should prevent ...Rxe1.} 27. Re2 {[%emt 0:00:00] Active
counter play!} (27. Rxe7 $1 $11 Qxe7 28. Bc2) 27... Re5 (27... g5 $5 28. Ne6 Bxe6 29. dxe6 Rxe6 $17) 28. Rxe5 (28. Bc2 $15)
28... Qe7 $2 (28... dxe5 $17 29. Nfe2 e4) 29. Nd3 $2 Nxe5 30. Nf4 (30. Nxe5 $11 dxe5 31. Qe3) 30... Nf7 31. Nce2 Ng5 32. Ng3 {
[%emt 0:00:45] Inhibits Nfe4+.} Nf7 33. Nd3 (
33. Nge2 $11) 33... Ne5 ({Black should play} 33... g5 $1 $15)
34. Nf4 Nf7 35. Nd3 (35.
Nge2 $11 {remains equal.}) 35... Ne5 (35... g5 $17) 36. Be2 Nxd3+ 37. Bxd3 Qe5 {[%emt 0:
00:31] [#] Hoping for ...Qd4+.} 38. Ne2 {[%emt 0:00:00] Prevents Qd4+.} Kf7 39. g3 Bc8 40. Rb1 Nd7 41. Bc2 Re7 ({
Black should try} 41... Qf6) 42. Nf4 Nf6 43.
Bd1 Ng8 ({Better is} 43... g5 $11 44. Ng2 (
44. Nd3 $2 Qd4+ 45. Kg2 Re3 $19) 44... g4) 44. Nh3 f4 45. Qxf4+ Qxf4 46. Nxf4 Nxh6 47. g4 Kf6 48. b4 cxb4 49. Rxb4 Nf7 50. Rb6 (50. Be2 $14) 50... Rc7 51. Bb3 (51. Rb4 $11) 51... Rc5 $17 52. Nd3 Rxa5 53. Ke3 h5 54. gxh5 (54. Bc2 $15) 54... gxh5 55. Bd1 (55. c5 $17) 55... Ra3 $19 56.
f4 $2 (56. Be2 {was worth a try.}) 56... h4 57. Be2 h3 58. Rb1 Rc3 59. Kd4 Rc2 60. Bf3 (60. Ke3 $142) 60... Bf5 61. Rxb7 Rd2
{[%emt 0:00:13][%csl Gf5][%cal Rd2d3] [#]} 62. Be4 {[%emt 0:00:19] Black must
now prevent Bxf5.} h2 63. Rb1 Nh6 {[%emt 0:
00:36] aiming for ...Bxe4.} 64. Ke3 Ra2 65.
Bf3 (65. Rh1 $142 Bxe4 66. Kxe4) 65... Ra3 66. Rd1 Ng4+ 67. Kd4 Rxd3+ 68. Rxd3 Bxd3 69. Kxd3 {
[%emt 0:00:45] Endgame KB-KN} Nf2+ 70. Kc3 h1=Q $2 (70... Kf5 $19 71. c5 Ne4+ 72. Kb4 Nxc5) 71. Bxh1 $11
{[%emt 0:00:01] The position is equal.} Nxh1 72. c5 $1 dxc5 {[%emt 0:01:00] ( -> ...Ke7)} 73. Kc4 a5 74. Kxc5 {[%emt 0:00:00] Threatens to win with d6.} Ng3 75. Kb5 Ne4 {[%emt 0:00:10] Never resign too
early! Weighted Error Value: White=0.42/ Black=0.17 (very precise)} 1/2-1/2

[Event "44th Chess Olympiad Women 2022"]
[Site "Chennai"]
[Date "2022.08.05"]
[Round "7.13"]
[White "Abrahamyan, Tatev"]
[Black "Sarquis, Maria Belen"]
[Result "1-0"]
[WhiteElo "2291"]
[BlackElo "2072"]
[Annotator "ChessBase"]
[PlyCount "55"]
[EventDate "2022.??.??"]
[TimeControl "60"]

1. e4 e5 2. d4 exd4 3. Qxd4 Nc6 4. Qc4 Nf6 5. Nc3 Bb4 6.
Bd2 O-O 7. O-O-O Re8 8. f3 a5 9. g4 d6 10. Qe2 Be6 11. Kb1 Ne5 12. Qg2 c6 13. g5 Nfd7 14. f4 Bxc3 15. Bxc3 Nc4 16. Qg3 Nc5 17. Bd3 Na4 18. Bf6 Qb6 19. b3 Na3+ 20. Kc1 Nc5 21. f5 Bd7 22. Bb2 Nb5 23.
Bxb5 cxb5 24. Rxd6 Qd8 25. g6 f6 26. Rxf6 gxf6 27. Qh4 Bxf5 28. Qxh7+ 1-0

[Event "44th Chess Olympiad Women 2022"]
[Site "Chennai"]
[Date "2022.08.05"]
[Round "7.13"]
[White "Borda Rodas, Anapaola S."]
[Black "Zatonskih, Anna"]
[Result "1/2-1/2"]
[WhiteElo "2183"]
[BlackElo "2383"]
[Annotator "TA"]
[PlyCount "60"]
[EventDate "2022.??.??"]
[TimeControl "60"]

1. e4 e6 2. d4 d5 3. Nc3 Nc6 4. Nf3 Nf6 5. exd5 exd5 6.
Bd3 {[%emt 0:03:31] C10: French with 3 Nc3: Unusual Black 3rd moves and 3...
dxe4.} Bg4 7. Be3 (7. Bb5 {is more complex.}
Bb4 8. O-O O-O 9. Bxc6 bxc6 10. h3) 7... Be7 8. h3 Bh5 9. g4 Bg6 10.
Ne5 Bxd3 (10... Bb4 $11) 11. Qxd3 $14 Nb4 12. Qe2 {[%emt 0:03:08] [#]} c6 $146 ({Predecessor:} 12... O-O 13. a3 Na6 14. O-O-O Rb8 15. Bf4 Ne8
16. Qb5 f6 17. Nc6 bxc6 18. Qxa6 Rb6 19. Qxa7 {½-½ (66) Mednikova,S (2175)
-Petrenko,S (2346) St Petersburg 2006}) 13. a3 Qa5 ({Better is} 13... Na6) 14. O-O Na6 15. b4 (15. g5 $16 Ne4 16. Nxe4 dxe4 17. f4) 15... Qc7 (15... Qd8 $1 $14) 16. Bf4 $36 {[%emt 0:12:28] [#] Threatens
to win with b5. White is on the roll.} Qc8 17. b5 {[%emt 0:12:
01] 0x0.00144c781d01dp-1022s more active pieces.} Nb8 (17...
Nc7 $16 {was called for.}) 18. bxc6 (18. g5 $18 {and White
stays clearly on top.} Ne4 19. Nxe4 dxe4 20. Qxe4) 18... bxc6 (18... Nxc6 $16 19. Nxc6 Qxc6) 19. g5 Ne4 20.
Nxe4 dxe4 21. Qxe4 {[%emt 0:00:35] Hoping
for Rab1.} Qxh3 22. Nxc6 $2 ({White should
play} 22. Rae1 $18 {And now Nc4 would win.} O-O 23. Re3) 22... Qg4+ $11 {
[%emt 0:00:56] The position is equal.} 23. Kh1 {[%emt 0:00:28][%csl Gc6][%cal
Re4e7] [#] Dancing on a razor blade.} Qh4+ 24. Kg1 Qg4+ 25. Kh1 Qh4+ 26. Kg1 Qg4+ 27. Kh1 Qh4+ 28. Kg1 Qg4+ 29. Kh1 Qh4+ 30. Kg1 Qg4+ {[%emt 0:
00:03] Black defended with fortune. Weighted Error Value: White=0.29 (precise)
/Black=0.34} 1/2-1/2

[Event "44th Chess Olympiad Women 2022"]
[Site "Chennai"]
[Date "2022.08.05"]
[Round "7.13"]
[White "Krush, Irina"]
[Black "Campos, Maria Jose"]
[Result "1-0"]
[WhiteElo "2430"]
[BlackElo "2185"]
[Annotator "TA"]
[PlyCount "129"]
[EventDate "2022.??.??"]
[TimeControl "60"]

1. d4 Nf6 2. c4 e6 3. Nf3 Bb4+ 4. Bd2 c5 5. Bxb4 cxb4 6. g3 O-O 7.
Bg2 d6 8. O-O a5 9. a3 Na6 10. Qd3 {[%emt 0:01:27]
E11: Bogo-Indian.} Qc7 11. Nbd2 {[%emt 0:00:31] [#]} b6 $146 ({Predecessor:} 11... e5 12. Ne1 exd4 13. Qxd4 Re8 14. e3 Rb8
15. Nc2 bxa3 16. Nxa3 Bd7 17. Nb5 Bxb5 18. cxb5 {1-0 (37) Vidit,S (2727)
-Visakh,N (2515) Chess.com INT 2021}) 12. Ne1 {[%emt 0:08:39] White is
slightly better.} Bb7 13. Bxb7 Qxb7 14. Nc2 e5 15. axb4 axb4 16. e4 Rfe8 17. f3 h5 18. h4 Nd7 19. d5 Ndc5 20. Qe2 g6 21. Kh2 Qd7 22. Rg1 (22. b3 $16) 22... Qe7 (22... b3 $11 23. Na3 Nb4) 23.
Rae1 Qf6 24. Kh3 Kg7 25. Ra1 (25. b3 $16) 25... b3 $1 $11 26. Na3 Nb4 $1 27. Rab1 Rec8 28. Rg2 Ra5 29.
Qe3 Rxa3 30. bxa3 Nc2 31. Qc3 Nxa3 {[%emt 0:01:05]
Pair of Knights!} 32. Rxb3 Nxb3 33. Qxb3 Ra8 34. Rg1 {[%emt 0:03:35][%cal Yg2g1,Yg1a1,
Ya1a8] Threatens to win with Kg2.} Qd8 35. Ra1 Qc8+ 36. Kg2 Qc5 37. Nb1 $1 Nxb1 38. Rxa8 $14 {[%emt 0:00:19] Endgame KQR-KQN} Nd2 39. Qd3 Nxc4 40. Ra1 $36 {
[%emt 0:00:43] White fights for an advantage.} b5 41. Kh3 $1 Qf2 42. Rf1 $1 Qc5 43. Qe2 $1 {[%emt 0:03:21] Against Nb2} Ne3 44. Re1 $1 Nc4 {[%emt 0:00:00] [#]} 45. Kh2 (45. g4 $1
$16) 45... Na3 $2 {[%emt 0:03:24] [#] A mistake that costs the game.} (45...
Qb4 $14) 46. g4 $1 $18 hxg4 47. fxg4 b4 48. Rf1 {[%emt 0:02:22] Strongly
threatening Qf3.} Qc7 $2 (48... Nc4 49. Rf3 (49. Qf3 f5 $11) (
49. Rc1 b3 $11) 49... Qd4) 49. Qf3 {[%emt 0:00:00] Intending Qf6+ and mate.}
Qe7 {[%emt 0:02:45] Prevents Qf6+.} 50. g5 Nc2 $2 (50... Nc4 51. Rf2 Kg8) 51. Qf6+ Qxf6 52. Rxf6 {[%emt 0:00:02] KR-KN} ({Not} 52. gxf6+ Kh6 $18) 52... Kf8 53. Rxd6 Nd4 54. Rb6 b3 55. Rb7 Nf3+ 56. Kg2 Nd2 57. Rb4 Ke7 58. Kf2 {[%emt 0:00:36] Ke2 would kill now.} b2 59. Rxb2 Nxe4+ 60. Ke3 Nc5 61. Rb6 Nd7 62. Rc6 (62. Ra6 $142 Ke8 63. d6 f5 64. gxf6 Nxf6 65. Ra7 Kf8 66. Rc7 Ke8 67. Rg7)
62... Nf8 63. Ke4 {[%emt 0:00:23] White mates.} Nd7 64. Rc7 Kd6 {[%emt 0:00:33] [#]} 65. Rxd7+ $1 {
[%emt 0:00:18] Weighted Error Value: White=0.13 (very precise) /Black=0.56} 1-0

[Event "44th Chess Olympiad Women 2022"]
[Site "Chennai"]
[Date "2022.08.05"]
[Round "7.13"]
[White "Zuriel, Marisa"]
[Black "Tokhirjonova, Gulrukhbegim"]
[Result "0-1"]
[WhiteElo "2174"]
[BlackElo "2329"]
[Annotator "TA"]
[PlyCount "114"]
[EventDate "2022.??.??"]
[TimeControl "60"]

1. e4 e5 2. Nf3 Nc6 3. Nc3 Nf6 4. Bb5 Bb4 5. O-O O-O 6.
Bxc6 dxc6 7. Nxe5 Bxc3 8. dxc3 Nxe4 9. Qxd8 Rxd8 10. Bf4 {[%emt 0:00:16] [#] C49: Four
Knights: 4 Bb5 Bb4.} Nd6 $146 ({Predecessor:} 10... Nc5 11.
Nf3 Ne6 12. Rad1 {½-½ (12) Munoz Pantoja,M (2471)-Tarriba Martinez,L (1935)
Barcelona 2020}) 11. Rad1 Be6 12. a3 {
[%emt 0:02:59] The position is equal.} a5 13. a4 f6 14. Nd3 b6 15. Rfe1 Kf7 16. f3 g5 17. Bg3 Rd7 18. b3 Rad8 19. Nf2 Bf5 20. Re2 Nb7 21. Rde1 b5 22. h4 h6 23. hxg5 hxg5 24. Ng4 bxa4 25. Nh6+ Kg6 26. Nxf5 Kxf5 27. bxa4 Nc5 {[%emt 0:00:15] Prevents Re6.} 28. Bf2 Nxa4 29. Re6 Rd6 30. Re7 (30. g4+ $11 {keeps the balance.} Kg6 31. Bg3
Rxe6 32. Rxe6) 30... R8d7 (30... Nxc3 $17 31. Rxc7 Kg6) 31.
Rxd7 $15 ({Reject} 31. g4+ Kg6 32. Rxd7 Rxd7 $17) 31... Rxd7 {
[%emt 0:00:02] Endgame KRB-KRN} 32. Ra1 Nxc3 {[%emt 0:00:23]
aiming for ...Rd1+.} 33. Rxa5+ Rd5 34. Ra7 (34. Ra6 $11) 34... Nb5 (34... Rd1+ $17 35.
Kh2 Rd2 36. Ra5+ Nb5) 35. Ra6 (35. Ra1 $1 $15 Nd6 36. Kf1)
35... Rd1+ $19 36. Kh2 Rd2 $1 37. Rxc6 $2 (37. Bg3) 37... Rxf2 {[%emt 0:00:
18] KRN-KR} 38. Rc5+ Ke6 (38... Kf4 $142 {
Strongly threatening ...Nd4.} 39. Rxb5 Rxc2 40. Rb4+ Ke5) 39. Rxb5 (39. Kg3 {was the only defense.} Re2 40. Rxb5) 39... Rxc2 {[%emt 0:00:06]
KR-KR} 40. Kg3 c5 41. f4 Kf5 42. fxg5 Kxg5 (42... fxg5
$19 {and Black stays clearly on top. ...Rc3+ is the strong threat.} 43. Rb8
Rc3+ 44. Kf2 c4) 43. Ra5 {[%emt 0:00:00] [#]} (43. Rb6 $142) 43... f5 {[%emt 0:
00:00] Black is more active.} ({Black should try} 43... Rc3+ $1 $17 44. Kf2 Kg4
) 44. Kf3 {[%emt 0:00:00] [#]} ({Better is} 44. Ra8 $15) 44... Rc3+ $1 $17 45. Kf2 $2 (45. Ke2 $17) 45... Kf4 $19 46. Ra4+ c4 {[%emt 0:00:00][%cal Yc5c4,Yc4c3,
Yc3c2] Hoping for ...Rc2+.} 47. Ra5 Rc2+ 48.
Kg1 c3 {[%emt 0:00:00] Black mates.} 49. Kh2 Rd2 50. Rc5 c2 51. Kh3 Ke3 52. g3 f4 53. gxf4 Kd4 54. Rc8 Rd3+ 55. Kg4 Rc3 56. Rd8+ Ke3 57. Re8+ Kf2 {[%emt 0:00:
00] Weighted Error Value: White=0.62/Black=0.25 (precise)} 0-1